 Dungeon Crawl Stone Soup version 0.17-a0-1731-g129c023 (webtiles) character file.

13964 Lippupalvelu the Fighter (level 11, 0/119 HPs)
             Began as a Troll Monk on Aug 29, 2015.
             Was the Champion of Makhleb.
             Slain by an elephant (10 damage)
             ... on level 6 of the Lair of Beasts.
             The game lasted 00:50:40 (10596 turns).

Lippupalvelu the Fighter (Troll Monk)              Turns: 10596, Time: 00:50:40

Health: 0/119      AC: 11    Str: 20    XL:     11   Next: 82%
Magic:  11/11      EV: 13    Int: -1 (6) God:    Makhleb [******]
Gold:   761        SH: 12    Dex: 14    Spells: 0 memorised, 10 levels left

rFire  + . .     SeeInvis .       - Unarmed
rCold  + . .     Clarity  .     J - +0 troll leather armour
rNeg   . . .     SustAt   .     w - +0 shield
rPois  +         Gourm    +     (helmet restricted)
rElec  .         Spirit   .     t - +1 cloak
rCorr  .         Warding  .     (gloves unavailable)
rMut   .         Stasis   .     (boots unavailable)
MR     .....                    (no amulet)
Stlth  ++........               K - ring of protection from fire
                                o - ring of Vehumet's Displeasure {rPois rC+}

@: slowed, lost intelligence, very slow, not resistant to hostile enchantments,
unstealthy
A: unfitting armour, claws 3, large bone plates 1, fast metabolism 3, gourmand,
mutation resistance 1, regeneration 2, shaggy fur 1, tough skin 2, weak 1
a: Minor Destruction, Lesser Servant of Makhleb, Major Destruction, Greater
Servant of Makhleb, Renounce Religion


You were on level 6 of the Lair of Beasts.
You worshipped Makhleb.
Makhleb was exalted by your worship.
You were not hungry.

You visited 3 branches of the dungeon, and saw 15 of its levels.

You collected 761 gold pieces.

Inventory:

Hand weapons
 y - a +1 flail of protection
 A - the cursed +2 long sword "Qiwneul" {pain, Dex+2, unknown}
   (You found it on level 3 of the Lair of Beasts)

   In the hands of one skilled in necromantic magic, it inflicts extra damage on
   living creatures.
   It affects your dexterity (+2).
   It has a curse placed upon it.
Missiles
 m - 7 exploding tomahawks (quivered)
Armour
 t - a +1 cloak (worn)
 w - a +0 shield (worn)
 D - the cursed -4 cloak of Levity {rC+ rCorr}
   (You found it on level 7 of the Dungeon)

   It protects you from cold.
   It protects you from acid and corrosion.
   It has a curse placed upon it.
 J - a +0 troll leather armour (worn)
Jewellery
 a - a +2 ring of intelligence
 d - an uncursed ring of stealth
 j - an uncursed ring of fire
 o - the ring of Vehumet's Displeasure (left claw) {rPois rC+}
   (You found it on level 3 of the Lair of Beasts)

   [ring of protection from cold]

   It protects you from cold.
   It protects you from poison.
 B - an uncursed ring of wizardry {unknown}
 K - a ring of protection from fire (right claw)
 M - an uncursed ring of stealth
Magical devices
 q - a wand of polymorph (18)
 s - a wand of enslavement (11)
 x - a wand of polymorph (6)
 C - a wand of polymorph (6)
 G - a wand of draining (3)
 I - a wand of cold (2)
 N - a wand of cold (6)
 P - a wand of confusion (2)
 V - a wand of draining (9)
 W - a wand of disintegration (9)
 X - a wand of paralysis (18)
Scrolls
 c - 6 scrolls of identify
 e - 7 scrolls of remove curse
 i - 2 scrolls of fog
 l - 3 scrolls of recharging
 p - 7 scrolls of teleportation
 r - a scroll of fear {unknown}
 z - 3 scrolls of magic mapping
 Q - a scroll of enchant weapon
 S - 3 scrolls of blinking
 T - a scroll of noise {unknown}
Potions
 h - a potion of brilliance
 n - a potion of magic
 u - 3 potions of curing
 v - 3 potions of flight
 H - a potion of heal wounds
 R - a potion of agility
Books
 E - a Grand Grimoire

   Spells                             Type                      Level
   a - Monstrous Menagerie            Summoning                    6
   b - Summon Greater Demon           Summoning                    7
   c - Malign Gateway                 Summoning/Translocation      7
   d - Summon Horrible Things         Summoning                    8
 F - a book of Fire

   Spells                             Type                      Level
   a - Ignite Poison                  Fire/Transmutation/Poison    3
   b - Fireball                       Conjuration/Fire             5
   c - Bolt of Fire                   Conjuration/Fire             6
   d - Delayed Fireball               Conjuration/Fire             7
   e - Ring of Flames                 Charms/Fire                  7
 O - a book of Alchemy

   Spells                             Type                      Level
   a - Sublimation of Blood           Necromancy                   2
   b - Ignite Poison                  Fire/Transmutation/Poison    3
   c - Alistair's Intoxication        Transmutation/Poison         4
   d - Condensation Shield            Ice                          4
   e - Petrify                        Transmutation/Earth          4
   f - Irradiate                      Conjuration/Transmutation    5
 U - a Necronomicon

   Spells                             Type                      Level
   a - Haunt                          Necromancy/Summoning         7
   b - Borgnjor's Revivification      Necromancy                   8
   c - Death's Door                   Charms/Necromancy            8
   d - Necromutation                  Transmutation/Necromancy     8
 Z - a book of Envenomations

   Spells                             Type                      Level
   a - Spider Form                    Transmutation/Poison         3
   b - Alistair's Intoxication        Transmutation/Poison         4
   c - Olgreb's Toxic Radiance        Poison                       4
   d - Poisonous Cloud                Conjuration/Poison/Air       6
Comestibles
 b - 8 bread rations
 f - 11 fruits
 g - 4 meat rations
 k - 5 beef jerkies
 L - 10 royal jellies


   Skills:
 * Level 10.5 Fighting
 + Level 7.8 Dodging
 - Level 1.1 Stealth
 + Level 6.4 Shields
 + Level 9.8 Unarmed Combat
 + Level 2.6 Invocations


You had 10 spell levels left.
You didn't know any spells.

Dungeon Overview and Level Annotations

Branches:
Dungeon (10/15)            Temple (1/1) D:5            Lair (6/8) D:10
  Swamp: Lair:3-6    Shoals: Lair:3-6     Snake: Lair:3-6    Spider: Lair:3-6
  Slime: Lair:6-8       Orc: D:9-12

Altars:
Ashenzari
Dithmenos
Elyvilon
Kikubaaqudgha
Makhleb
Nemelex Xobeh
Okawaru
Qazlal
Ru
Sif Muna
Trog
Vehumet
Xom
Yredelemnul
The Shining One
Jiyva


Innate Abilities, Weirdness & Mutations

You are too large for most types of armour.
You have claws for hands.
Your metabolism is lightning-fast.
You like to eat raw meat.
You heal very quickly.
You are covered in fur (AC +1).
You have very tough skin (AC +2).
You are partially covered in large bone plates (AC +2, SH +2).
You are somewhat resistant to further mutation.
You are weak. (Str -2)


Message History

You hold your ground!
You block the elephant's attack.
The crocodile bites you but does no damage.
The elephant barely misses you. You block the elephant's attack.
You claw the elephant!
The elephant is severely wounded.
The elephant tramples you!
* * * LOW HITPOINT WARNING * * *
You hold your ground!
The elephant closely misses you. The elephant closely misses you. x2
The crocodile bites you!
* * * LOW HITPOINT WARNING * * *
You block the elephant's attack. x2
The elephant barely misses you.
The elephant trunk-slaps you but does no damage.
You scratch the elephant.
The elephant is severely wounded.
The elephant completely misses you.
The elephant trunk-slaps you but does no damage.
The crocodile misses you. The elephant tramples you!
You die...

## ## ###
##..PP###########..#
.....PY@##...#.P.#
.$..
#..P..YYtr.......#
....
#####..Y...P.....#
P.... #####........#
....#
#.......###....#
##.##...##......
#.##P..........
#..#...P.......
#.........P##.#


You could see 4 elephants, a crocodile and a porcupine.

Vanquished Creatures
  2 hill giants
  The ghost of max the Covered, an experienced MiBe of Trog (D:7)
  A griffon (Lair:3)
  Joseph (D:10)
  A black mamba (Lair:3)
  2 spiny frogs (Lair:2)
  2 komodo dragons
  A fire drake (Lair:3)
  A troll (D:9)
  4 blink frogs (Lair:3)
  A spriggan (Lair:2)
  Sigmund (D:2)
  4 yaks (Lair:2)
  3 basilisks
  A hippogriff (Lair:3)
  Menkaure (D:5)
  6 wolves (Lair:3)
  7 swamp worms (Lair:3)
  3 wargs (D:10)
  3 orc warriors
  3 porcupines
  2 water moccasins
  2 phantoms (D:8)
  4 centaurs
  2 sky beasts
  A necrophage (D:6)
  8 ogres
  9 crocodiles
  7 giant frogs
  2 big kobolds
  A brain worm (Lair:3)
  A scorpion (D:8)
  3 hounds
  2 centaur zombies
  4 crimson imps
  11 orc priests
  3 centaur skeletons
  7 iguanas
  6 jellies
  Terence (D:2)
  10 orc wizards
  5 worker ants
  A killer bee zombie (D:9)
  A hound zombie (D:9)
  A worker ant zombie (D:9)
  2 hound skeletons (D:6)
  10 adders
  3 gnolls (D:3)
  2 shadow imps
  16 river rats
  An adder zombie (D:6)
  7 oozes
  2 adder skeletons
  12 worms
  4 giant geckos
  44 orcs
  2 ball pythons
  10 bats
  4 giant cockroaches
  7 goblins
  3 hobgoblins
  7 jackals
  A giant gecko skeleton (D:6)
  8 giant newts
  12 kobolds
  5 quokkas
  5 rats
  2 plants
312 creatures vanquished.

Vanquished Creatures (others)
  3 fungi
  A plant (Lair:3)
4 creatures vanquished.

Grand Total: 316 creatures vanquished

Notes
Turn   | Place    | Note
--------------------------------------------------------------
     0 | D:1      | Lippupalvelu the Troll Monk began the quest for the Orb.
     0 | D:1      | Reached XP level 1. HP: 22/22 MP: 0/0
   229 | D:1      | Reached XP level 2. HP: 29/29 MP: 1/1
   714 | D:1      | Reached XP level 3. HP: 36/36 MP: 2/2
   766 | D:2      | Found an iron altar of Okawaru.
   803 | D:2      | Found a shadowy altar of Dithmenos.
   806 | D:2      | Noticed Sigmund
   807 | D:2      | Found a basalt altar of Yredelemnul.
   838 | D:2      | HP: 1/36 [something (5)]
   839 | D:2      | Gained mutation: You are partially covered in large bone plates (AC +2, SH +2). [potion of mutation]
   839 | D:2      | Gained mutation: You have large cloven feet. [potion of mutation]
   843 | D:2      | Killed Sigmund
   843 | D:2      | Reached XP level 4. HP: 9/48 MP: 3/3
   843 | D:2      | Reached XP level 5. HP: 10/54 MP: 4/4
   880 | D:2      | Gained mutation: You are somewhat resistant to further mutation. [potion of mutation]
   880 | D:2      | Lost mutation: You have large cloven feet. [potion of mutation]
  1018 | D:2      | Noticed Terence
  1028 | D:2      | Killed Terence
  1531 | D:3      | Reached XP level 6. HP: 62/62 MP: 5/5
  1556 | D:3      | Reached skill level 5 in Unarmed Combat
  2681 | D:4      | Reached skill level 1 in Shields
  2787 | D:4      | Reached XP level 7. HP: 68/71 MP: 6/6
  2870 | D:4      | Found a shattered altar of Ashenzari.
  2873 | D:4      | Shrine
  2959 | D:4      | Found a sacrificial altar of Ru.
  3259 | D:4      | Reached skill level 5 in Fighting
  3522 | D:5      | Entered Level 5 of the Dungeon
  3548 | D:5      | Reached XP level 8. HP: 36/81 MP: 7/7
  3717 | D:5      | Reached skill level 6 in Unarmed Combat
  3732 | D:5      | Found a staircase to the Ecumenical Temple.
  3741 | Temple   | Entered the Ecumenical Temple
  3755 | Temple   | Became a worshipper of Makhleb the Destroyer
  3755 | Temple   | Acquired Makhleb's first power
  3755 | Temple   | Acquired Makhleb's second power
  4075 | D:5      | Noticed Menkaure
  4082 | D:5      | Killed Menkaure
  4311 | D:6      | Reached skill level 5 in Dodging
  4556 | D:6      | Acquired Makhleb's third power
  4627 | D:6      | Found a burning altar of Makhleb.
  4670 | D:7      | Noticed max's ghost (experienced MiBe)
  4685 | D:7      | Killed max's ghost
  4685 | D:7      | Reached skill level 7 in Fighting
  4685 | D:7      | Reached XP level 9. HP: 61/91 MP: 8/8
  5070 | D:7      | Got a faintly glowing cloak
  5074 | D:7      | Identified the cursed -4 cloak of Levity {rC+ rCorr} (You found it on level 7 of the Dungeon)
  5199 | D:7      | You fall through a shaft for 2 floors!
  5314 | D:9      | Noticed a hill giant
  5344 | D:9      | Killed a hill giant
  5351 | D:9      | Reached skill level 8 in Fighting
  5353 | D:9      | Acquired Makhleb's fourth power
  5421 | D:9      | Found a stormy altar of Qazlal.
  5624 | D:9      | Reached XP level 10. HP: 102/102 MP: 9/9
  5890 | D:8      | Found a radiant altar of Vehumet.
  5890 | D:8      | Found a sparkling altar of Nemelex Xobeh.
  6046 | D:8      | Found a viscous altar of Jiyva.
  6249 | D:8      | Acquired Makhleb's fifth power
  6955 | D:7      | Reached skill level 5 in Shields
  7233 | D:10     | Entered Level 10 of the Dungeon
  7280 | D:10     | Found a staircase to the Lair.
  7490 | D:10     | Noticed a hill giant
  7499 | D:10     | Killed a hill giant
  7499 | D:10     | Reached skill level 9 in Fighting
  7644 | D:10     | Noticed Joseph
  7657 | D:10     | Killed Joseph
  7935 | D:10     | Gained mutation: You are weak. (Str -2) [mutagenic meat]
  8225 | Lair:1   | Entered Level 1 of the Lair of Beasts
  8486 | Lair:1   | Noticed a four-headed hydra
  8533 | Lair:2   | Reached XP level 11. HP: 115/115 MP: 10/10
  8871 | Lair:2   | Reached skill level 1 in Invocations
  9632 | Lair:3   | Reached skill level 10 in Fighting
  9674 | Lair:3   | Lost intelligence.
  9810 | Lair:3   | Got a transparent copper ring
  9981 | Lair:3   | Identified the ring of Vehumet's Displeasure {rPois rC+} (You found it on level 3 of the Lair of Beasts)
 10106 | Lair:3   | Lost intelligence.
 10268 | Lair:3   | Got a slimy long sword
 10573 | Lair:3   | You fall through a shaft for 3 floors!
 10596 | Lair:6   | Slain by an elephant

Vault maps used:
D:1:      shiori_arrival_maze, hangedman_decor_opposing
D:2:      okawaru_metal_pillars_3, grunt_temple_overflow_open, uniq_terence,
          uniq_sigmund
D:3:      first_bread
D:4:      overflow_temple_1_default, nicolae_ru_the_path_less_chosen
D:5:      minmay_temple_entry_statues_pillars, uniq_menkaure
D:6:      makhleb_blood_cavern_becter
D:8:      gammafunk_temple_overflow_pools, hangedman_little_slice_of_home
D:9:      kennysheep_mini_moat
D:10:     erik_lair_orcish_takeover, spider_trap, minmay_misc_feat_enclosed,
          minivault_25_ag, uniq_joseph
Temple:   circular_temple_12
Lair:2:   grunt_forest_large_clearing_hut, infiniplex_staircase_pool_2
Lair:3:   worms_lemuel
Lair:6:   swamp_mist

Action                   |  1- 3 |  4- 6 |  7- 9 | 10-12 || total
-------------------------+-------+-------+-------+-------++-------
Melee: Unarmed           |    84 |   109 |   400 |   643 ||  1236
  Use: Potion            |     2 |     1 |       |    11 ||    14
       Scroll            |       |     7 |     4 |     5 ||    16
 Stab: Sleeping          |     3 |     6 |     7 |     6 ||    22
       Distracted        |       |       |       |     2 ||     2
  Eat: Chunk             |     8 |    22 |    27 |    49 ||   106
       Fruit             |       |       |       |     1 ||     1
